 Dungeon Crawl Stone Soup version 0.30-a0-778-g2ef04afb54 (webtiles) character file.

Game seed: 7069531579630549578

961 Ihaveafatcat the Trooper (level 8, -4/70 HPs)
             Began as a Hill Orc Fighter on Jan 12, 2023.
             Slain by a gnoll
             ... wielding a +0 whip
             ... led by a gnoll sergeant
              (7 damage)
             ... on level 6 of the Dungeon on Feb 15, 2023.
             The game lasted 00:10:46 (4798 turns).

Ihaveafatcat the Trooper (Hill Orc Fighter)         Turns: 4798, Time: 00:10:47

Health: -4/70      AC:  8    Str: 27    XL:     8   Next: 15%
Magic:  8/8        EV:  9    Int:  8    God:
Gold:   198        SH:  5    Dex: 10    Spells: 7/7 levels left

rFire   . . .      SeeInvis +    a - +2 war axe
rCold   . . .      Faith    .    c - +0 buckler
rNeg    . . .      Spirit   .    b - +1 scale mail
rPois   .          Reflect  .    (no helmet)
rElec   .          Harm     .    (no cloak)
rCorr   .          Rampage  .    (no gloves)
Will    .....                    (no boots) Stlth
                                 (no amulet)
HPRegen 0.31/turn                i - +6 ring of strength
MPRegen 0.11/turn                q - ring of see invisible

@: no status effects
A: no striking features
a: no special abilities


You were on level 6 of the Dungeon.
You visited 1 branch of the dungeon, and saw 6 of its levels.

You collected 282 gold pieces.
You spent 84 gold pieces at shops.

Inventory:

Hand Weapons
 a - a +2 war axe (weapon)
Armour
 b - a +1 scale mail (worn)
 c - a +0 buckler (worn)
Jewellery
 i - a +6 ring of strength (left hand)
 q - a ring of see invisible (right hand)
Wands
 w - a wand of quicksilver (8)
Scrolls
 h - a scroll of amnesia
 k - 3 scrolls of identify
 o - a scroll of blinking {unknown}
 r - a scroll of fog
 s - 7 scrolls of teleportation
 v - a scroll of fear {unknown}
Potions
 d - 2 potions of might
 e - a potion of lignification {unknown}
 f - 2 potions of curing {unknown}
 g - a potion of degeneration {unknown}
 j - 3 potions of magic
 l - 3 potions of mutation {unknown}
 m - 3 potions of heal wounds
 n - 2 potions of cancellation {unknown}
 p - 2 potions of attraction {unknown}
 t - 2 potions of resistance {unknown}
 u - 3 potions of flight {unknown}


   Skills:
 + Level 5.6 Fighting
 + Level 5.5 Axes
 + Level 3.1 Throwing
 + Level 5.2 Armour
 + Level 5.2 Shields
 + Level 3.3 Evocations


You had 7 spell levels left.
You didn't know any spells.
Your spell library contained the following spells:

 Spells                   Type           Power      Damage    Failure   Level
 Beastly Appendage        Tmut           0%         N/A       75%         1
 Sandblast                Erth           0%         2d4       75%         1
 Summon Small Mammal      Summ           0%         N/A       75%         1
 Passwall                 Tmut/Erth      0%         N/A       87%         2
 Wereblood                Tmut           0%         N/A       87%         2
 Call Canine Familiar     Summ           0%         N/A       98%         3
 Portal Projectile        Hex/Tloc       0%         N/A       98%         3
 Spider Form              Tmut/Pois      0%         N/A       98%         3
 Stone Arrow              Conj/Erth      0%         3d7       98%         3
 Summon Guardian Golem    Hex/Summ       0%         N/A       98%         3
 Tukima's Dance           Hex            0%         N/A       98%         3
 Blade Hands              Tmut           0%         N/A       100%        5


Dungeon Overview and Level Annotations

Branches:
Dungeon (6/15)             Temple (0/1) D:6

Altars:
Cheibriados
Gozag
Nemelex Xobeh
Qazlal
Ru
Uskayaw

Shops:
D:1 :   D:2 ?   D:4 [   D:5 *

Annotations:
D:2 1 runed translucent door, Crazy Yiuf
D:4 3 runed translucent doors, a11behringer's ghost, amateur MiFi


Message History

a +0 hand axe; a +0 ring mail; an orc corpse You slash the gnoll!
The gnoll is severely wounded.
You barely miss the gnoll. The gnoll hits you with a +0 flail!
You block the gnoll's attack.
The gnoll sergeant hits you from afar with a +0 trident!
You barely miss the gnoll.
The gnoll is severely wounded.
You slash the gnoll!
You kill the gnoll!
The gnoll closely misses you.
The gnoll sergeant hits you from afar with a +0 trident.
You block the gnoll's attack. The gnoll hits you with a +0 whip.
The gnoll sergeant barely misses you.
The gnoll hits you from afar with a +0 spear.
You slash the gnoll!
You kill the gnoll!
You slash the gnoll!
The gnoll hits you from afar with a +0 spear.
The gnoll hits you but does no damage. The gnoll sergeant misses you.
You are too injured to fight recklessly!
You block the gnoll's attack. The gnoll hits you but does no damage.
The gnoll sergeant hits you with a +0 trident.
You see here a +0 flail.
You are too injured to fight recklessly!
You hit the gnoll.
The gnoll is heavily wounded.
You hit the gnoll sergeant. You hit the gnoll but do no damage.
The gnoll hits you but does no damage. x2
You block the gnoll sergeant's attack.
You slash the gnoll!
You kill the gnoll!
You hit the gnoll sergeant. You hit the gnoll but do no damage.
The gnoll sergeant hits you with a +0 trident!
* * * LOW HITPOINT WARNING * * *
The gnoll hits you but does no damage.
The gnoll sergeant hits you with a +0 trident!
* * * LOW HITPOINT WARNING * * *
The gnoll hits you with a +0 whip!
You die...

................#.........
....................#.....
............##...##+#+###.
.........)...+.........##.
(..........###............
.....#...........>......##
.....+....####..#.......#
#....#..g)#..P.P#.......#
#... #..g@#.##.##.......#
#.. ####)#P#...#P.##.#.#
#.....>....##.#.##
#.#P#...#P###.#...
..#<##.#### #.####
#.#.#P.P# #..... ###.....#
###### #######


You could see a gnoll sergeant and a gnoll.

Vanquished Creatures
  A black bear (D:4)
  2 ogres
  2 phantoms (D:5)
  A necrophage (D:6)
  3 scorpions
  3 hounds
  A jelly (D:5)
  2 iguanas
  6 gnolls
  3 adders
  5 worms
  A dart slug (D:1)
  5 orcs
  4 endoplasms
  6 giant cockroaches
  9 goblins
  5 hobgoblins
  2 quokkas
  4 ball pythons
  2 bats
  4 frilled lizards
  6 kobolds
  3 rats
80 creatures vanquished.

Vanquished Creatures (others)
  2 plants (D:3)
2 creatures vanquished.

Grand Total: 82 creatures vanquished

Notes
Turn   | Place    | Note
-------+----------+-------------------------------------------
     0 | D:1      | Ihaveafatcat the Hill Orc Fighter began the quest for the
                  | Orb.
     0 | D:1      | Reached XP level 1. HP: 19/19 MP: 1/1
    54 | D:1      | Found Miulor's Book Boutique.
   143 | D:1      | Upgraded the game from 0.30-a0-629-gd54f4be4f7 to
                  | 0.30-a0-696-g2367cd04db
   194 | D:1      | Reached XP level 2. HP: 27/27 MP: 2/2
   754 | D:2      | Reached XP level 3. HP: 22/33 MP: 3/3
   942 | D:2      | Found Ydoff's Magic Scroll Shop.
   945 | D:2      | Bought a scroll of identify for 24 gold pieces
   945 | D:2      | Bought a scroll of teleportation for 36 gold pieces
   945 | D:2      | Bought a scroll of identify for 24 gold pieces
  1303 | D:2      | Found a runed translucent door.
  1304 | D:2      | Noticed Crazy Yiuf
  1388 | D:2      | Reached skill level 1 in Throwing
  1388 | D:2      | Reached skill level 1 in Evocations
  1539 | D:3      | Upgraded the game from 0.30-a0-696-g2367cd04db to
                  | 0.30-a0-737-gf23d94013f
  1551 | D:3      | Upgraded the game from 0.30-a0-737-gf23d94013f to
                  | 0.30-a0-778-g2ef04afb54
  1579 | D:3      | Found a hide-covered altar of Uskayaw.
  1580 | D:3      | Noticed a +0 dagger
  1581 | D:3      | Noticed a +0 hand axe
  1618 | D:3      | Found a sparkling altar of Nemelex Xobeh.
  1753 | D:3      | Reached XP level 4. HP: 40/40 MP: 4/4
  1979 | D:3      | Found a faded altar of an unknown god.
  2182 | D:3      | Found a sacrificial altar of Ru.
  2610 | D:4      | Noticed an ogre
  2617 | D:4      | Killed an ogre
  2618 | D:4      | Reached XP level 5. HP: 12/47 MP: 5/5
  2671 | D:4      | Reached XP level 6. HP: 30/53 MP: 6/6
  2965 | D:4      | Found Kevi's Armour Emporium.
  3166 | D:4      | Found a runed translucent gate.
  3166 | D:4      | Found a runed translucent gate.
  3166 | D:4      | Noticed a11behringer's ghost (amateur MiFi)
  3167 | D:4      | Found a runed translucent gate.
  3299 | D:4      | Noticed a black bear
  3304 | D:4      | Killed a black bear
  3387 | D:4      | Found an opulent altar of Gozag.
  3502 | D:4      | Found a snail-covered altar of Cheibriados.
  3598 | D:5      | Entered Level 5 of the Dungeon
  3603 | D:5      | Reached skill level 5 in Fighting
  3603 | D:5      | Reached XP level 7. HP: 61/61 MP: 7/7
  3810 | D:5      | Found a stormy altar of Qazlal.
  3820 | D:5      | Identified the +2 ring mail "Oryc" {Will+ Dex+2}
  3855 | D:5      | Reached skill level 5 in Axes
  4247 | D:5      | Reached skill level 5 in Armour
  4247 | D:5      | Reached skill level 5 in Shields
  4262 | D:5      | Reached XP level 8. HP: 59/69 MP: 8/8
  4452 | D:5      | Found Zinosch's General Store.
  4708 | D:6      | Found a staircase to the Ecumenical Temple.
  4798 | D:6      | HP: 3/70 [gnoll sergeant/+0 trident (15)]
  4798 | D:6      | Slain by a gnoll

Illustrated notes

Levels and vault maps discovered:
D:1:      lemuel_arrival_broad_hall, layout_loops_cross, serial_shops, shop
D:2:      layout_loops_cross, serial_shops, nicolae_shop_behind_doors,
          minmay_tromino_v4_a, uniq_crazy_yiuf_cottage
D:3:      layout_loops_ring, mainiacjoe_overflow_boulevard,
          nicolae_ru_the_path_less_chosen, dancing_weapons_uskayaw,
          shapermc_ecumenical_altar_hornbeckon
D:4:      layout_loops_cross, chei_slow_surprise, general_overflow_altar,
          gammafunk_ghost_nasty_kobolds, serial_shops, shop,
          minmay_misc_feat_pillars
D:5:      layout_loops_ring, grunt_qazlal_sundering, serial_shops, shop,
          mumra_transporter_accident, minmay_checkerbox
D:6:      minmay_opposing_rooms, layout_basic, nicolae_hepliaklqana_hippocampus,
          lemuel_coloured_pillars_altar, grunt_dithmenos_smoke_and_mirrors,
          minmay_temple_entry_gardened_gates

Skill      XL: |  1  2  3  4  5  6  7 |
---------------+----------------------+-----
Axes           | 3 4 5 |  5.5
Fighting       | 4 5 |  5.6
Throwing       | 1 2 3 |  3.1
Evocations     | 1 2 3 |  3.3
Armour         | 4 5 |  5.2
Shields        | 4 5 |  5.2

Action                     |  1- 3 |  4- 6 |  7- 9 || total
---------------------------+-------+-------+-------++-------
  Melee: War axe           |    95 |    68 |    74 ||   237
    Use: Scroll            |     6 |     5 |       ||    11
         Potion            |       |     1 |       ||     1
 Armour: Scale mail        |    48 |    38 |    25 ||   111
  Dodge: Dodged            |    47 |    22 |    34 ||   103
  Block: Buckler           |    25 |    12 |    19 ||    56

Table legend: (Time is in decaauts)
 A = Elapsed time spent in this place.
 B = Non-inter-level travel time spent in this place.
 C = Inter-level travel time spent in this place.
 D = Time resting spent in this place.
 E = Time spent auto-exploring this place.
 F = Levels seen in this place.
 G = Mean time per level.
                   A        B        C        D        E       F      G
               +--------+--------+--------+--------+--------+-----+--------+
         Total |   4884 |   4866 |     18 |    546 |   3351 |   6 |  814.0 |
       Dungeon |   4884 |   4866 |     18 |    546 |   3351 |   6 |  814.0 |
               +--------+--------+--------+--------+--------+-----+--------+

Top non-repeatable levels by time:
     D:5: 1123 daAuts
     D:4: 1107 daAuts
     D:3: 991 daAuts
     D:2: 854 daAuts
     D:1: 709 daAuts
     D:6: 98 daAuts
